 Dungeon Crawl Stone Soup version 0.17.1-2-g5865329 (webtiles) character file.

695 Amadiro the Ducker (level 7, 0/71 HPs)
             Began as a Troll Berserker on Jan 25, 2016.
             Was an Elder of Trog.
             Slain by an orc
             ... wielding a +0 flail
              (6 damage)
             ... on level 4 of the Dungeon.
             The game lasted 00:12:03 (2949 turns).

Amadiro the Ducker (Troll Berserker)                Turns: 2949, Time: 00:12:03

Health: 0/71       AC:  5    Str: 29    XL:     7   Next: 37%
Magic:  6/6        EV:  6    Int:  3    God:    Trog [****..]
Gold:   294        SH:  0    Dex: 10    Spells: 0 memorised, 6 levels left

rFire  . . .     SeeInvis .       - Unarmed
rCold  . . .     Clarity  .     l - +0 robe
rNeg   . . .     SustAt   .     (no shield)
rPois  .         Gourm    +     (helmet restricted)
rElec  .         Spirit   .     (no cloak)
rCorr  .         Warding  .     (gloves unavailable)
rMut   .         Stasis   +     (boots unavailable)
MR     .....                    G - amulet of stasis
Stlth  +.........               q - +2 ring of strength
                                y - ring of flight

@: lethally poisoned (0 -> 0), not resistant to hostile enchantments, very
unstealthy
A: unfitting armour, claws 3, fast metabolism 3, gourmand, regeneration 2,
shaggy fur 1, tough skin 2
a: Berserk, Trog's Hand, Brothers in Arms, Burn Spellbooks, Renounce Religion,
Evoke Flight


You were on level 4 of the Dungeon.
You worshipped Trog.
Trog was greatly pleased with you.
You were completely stuffed.

You visited 1 branch of the dungeon, and saw 4 of its levels.

You collected 294 gold pieces.

Inventory:

Armour
 a - a +0 animal skin
 g - a +0 cloak
 l - a +0 robe (worn)
Jewellery
 q - a +2 ring of strength (right claw)
 y - a ring of flight (left claw)
 G - an amulet of stasis (around neck)
Wands
 w - a wand of cold (9)
 E - a wand of hasting (4)
Scrolls
 e - 2 scrolls of blinking {unknown}
 f - a scroll of noise {unknown}
 m - 2 scrolls of amnesia {unknown}
 n - a scroll of fog {unknown}
 o - 2 scrolls of teleportation {unknown}
 t - 5 scrolls of remove curse {unknown}
 u - a scroll of fear {unknown}
 v - 2 scrolls of magic mapping {unknown}
 x - 4 scrolls of identify {unknown}
 F - a scroll of random uselessness {unknown}
 H - a scroll of immolation {unknown}
Potions
 c - a potion of agility {unknown}
 d - 2 potions of flight {unknown}
 h - a potion of beneficial mutation {unknown}
 i - a potion of magic {unknown}
 j - 2 potions of ambrosia {unknown}
 k - a potion of haste {unknown}
 p - 3 potions of curing {unknown}
 r - a potion of lignification {unknown}
 z - a potion of cancellation {unknown}
 C - a potion of cure mutation {unknown}
 D - 4 potions of might {unknown}
Comestibles
 b - 7 bread rations
 s - a beef jerky
 A - 11 chunks of flesh
 B - a meat ration


   Skills:
 + Level 4.4 Fighting
 + Level 5.2 Dodging
 + Level 0.3 Stealth
 + Level 4.7 Unarmed Combat


You had 6 spell levels left.
You didn't know any spells.

Dungeon Overview and Level Annotations

Branches:
Dungeon (4/15)
 Temple: D:4-7

Altars:
The Shining One


Innate Abilities, Weirdness & Mutations

You are too large for most types of armour.
You have claws for hands.
Your metabolism is lightning-fast.
You like to eat raw meat.
You heal very quickly.
You are covered in fur (AC +1).
You have very tough skin (AC +2).


Message History

The orc hits you with a flail.
* * * LOW HITPOINT WARNING * * *
The orc misses you.
You claw the orc!
You kill the orc!
Trog accepts your kill. The orc hits you but does no damage.
The scorpion stings you!
* * * LOW HITPOINT WARNING * * *
You are poisoned.
The scorpion poisons you! The orc misses you. The orc misses you.
The orc closely misses you.
You feel sick. The orc hits you with a dagger.
* * * LOW HITPOINT WARNING * * *
The scorpion closely misses you.
There is a stone staircase leading down, spattered with blood here.
You see here a hand axe.
You feel sick. The orc hits you with a dagger.
* * * LOW HITPOINT WARNING * * *
The orc closely misses you. The orc hits you with a flail.
You die...

.##)..............#
........#........##
..#..............##
..................#
..................#
..#...##..........#
......(...........#####
.....#.#........oo..%.###
..####.##.......@so......
.....#..##.......o......#
......#..#.##.#.)........
......##.# .#.#..........
......##.##...#..........
........(.... ...........
............>............
..<...##.####.##........#
...........#


You could see a scorpion and 4 orcs.

Vanquished Creatures
  Sigmund (D:2)
  An ogre (D:4)
  A hound (D:4)
  Ijyb (D:2)
  A gnoll shaman (D:4)
  An orc wizard (D:4)
  A worker ant (D:4)
  Jessica (D:2)
  2 iguanas (D:4)
  8 adders
  5 gnolls (D:4)
  A worm (D:4)
  3 giant geckos
  10 orcs
  8 bats
  3 giant cockroaches (D:3)
  15 goblins
  9 hobgoblins
  14 jackals
  6 kobolds
  2 quokkas (D:2)
  2 ball pythons
  7 giant newts
  A jackal skeleton (D:4)
  10 rats
114 creatures vanquished.

Notes
Turn   | Place    | Note
--------------------------------------------------------------
     0 | D:1      | Amadiro the Troll Berserker began the quest for the Orb.
     0 | D:1      | Reached XP level 1. HP: 22/22 MP: 0/0
   194 | D:1      | Reached XP level 2. HP: 29/29 MP: 1/1
   489 | D:1      | Reached ** piety under Trog
   513 | D:1      | Reached XP level 3. HP: 37/37 MP: 2/2
  1030 | D:2      | Noticed Ijyb
  1042 | D:2      | Killed Ijyb
  1042 | D:2      | Reached XP level 4. HP: 42/45 MP: 3/3
  1045 | D:2      | Noticed Sigmund
  1057 | D:2      | Killed Sigmund
  1057 | D:2      | Reached skill level 4 in Unarmed Combat
  1057 | D:2      | Reached XP level 5. HP: 43/53 MP: 4/4
  1136 | D:2      | Noticed Jessica
  1140 | D:2      | Killed Jessica
  1140 | D:2      | Reached XP level 6. HP: 60/62 MP: 5/5
  1449 | D:2      | Reached *** piety under Trog
  1694 | D:2      | Found a glowing golden altar of the Shining One.
  2581 | D:4      | Reached **** piety under Trog
  2746 | D:4      | Reached XP level 7. HP: 42/71 MP: 6/6
  2880 | D:4      | Reached skill level 5 in Dodging
  2949 | D:4      | Slain by an orc

Action                   |  1- 3 |  4- 6 |  7- 9 || total
-------------------------+-------+-------+-------++-------
Melee: Unarmed           |   102 |   184 |    53 ||   339
Invok: Berserk           |       |     1 |       ||     1
  Eat: Chunk             |    15 |    17 |     2 ||    34
